 Dungeon Crawl Stone Soup version 0.26-a0-812-g31a745ddcd (webtiles) character file.

Game seed: 386438792271148761

15663 Kinoniko the Carver (level 12, -12/89 HPs)
             Began as a Formicid Fighter on Nov 13, 2020.
             Was a High Priest of Okawaru.
             Killed from afar by a white imp (24 damage)
             ... with an exploding inner flame
             ... hexed by the player character
             ... in an ice cave.
             The game lasted 00:18:36 (13309 turns).

Kinoniko the Carver (Formicid Fighter)             Turns: 13309, Time: 00:18:37

Health: -12/89     AC: 18    Str: 28    XL:     12   Next: 60%
Magic:  20/20      EV: 14    Int:  8    God:    Okawaru [*****.]
Gold:   874        SH: 23    Dex: 11    Spells: 11/11 levels left

rFire    . . .     SeeInvis +   x - +1 scimitar
rCold    . . .     Faith    .   c - +0 kite shield
rNeg     . . .     Spirit   .   u - +0 plate armour
rPois    .         Reflect  +   (helmet unavailable)
rElec    .         Harm     .   h - +2 cloak {Stlth+}
rCorr    .         Rampage  .   G - +0 pair of gloves {Str+3}
MR       ++...                  (no boots)
Stlth    ..........             o - amulet of reflection
HPRegen  0.24/turn              k - +4 ring of evasion
MPRegen  0.17/turn              d - ring of protection from magic

@: heroism
A: permanent stasis, dig shafts and tunnels, four strong arms, antennae 3, large
bone plates 1, blurry vision 1, robust 1, wild magic 1
a: Dig, Shaft Self, Heroism, Finesse, Renounce Religion


You were in an ice cave.
You worshipped Okawaru.
Okawaru was extremely pleased with you.
You visited 2 branches of the dungeon, and saw 12 of its levels.
You also visited: Sewer, Ossuary and Ice Cave.

You collected 874 gold pieces.

Inventory:

Hand Weapons
 a - a +1 long sword
 x - a +1 scimitar (weapon)
Armour
 b - a +0 scale mail
 c - a +0 kite shield (worn)
 h - a +2 cloak of stealth (worn)
 p - a +1 chain mail
 u - a +0 plate armour (worn)
 G - a +0 pair of gloves of strength (worn)
Jewellery
 d - a ring of protection from magic (right hand)
 k - a +4 ring of evasion (left hand)
 n - a +6 ring of intelligence
 o - an amulet of reflection (around neck)
 r - an uncursed ring of poison resistance
 v - an uncursed ring of magical power
 y - an uncursed ring of magical power
 B - an uncursed ring of flight
 E - an uncursed amulet of magic regeneration
 J - an uncursed ring of positive energy
 K - an uncursed ring of ice {unknown}
Wands
 l - a wand of digging (7)
 q - a wand of polymorph (15)
 A - a wand of iceblast (8)
 C - a wand of flame (14)
 D - a wand of paralysis (17)
 I - a wand of random effects (18)
Scrolls
 e - 8 scrolls of teleportation
 f - 6 scrolls of remove curse
 i - 3 scrolls of fog
 j - a scroll of immolation
 t - a scroll of amnesia
 H - 2 scrolls of identify
Potions
 s - a potion of lignification
 w - 5 potions of flight
 z - 2 potions of mutation


   Skills:
 - Level 3.2(8.2) Fighting
 * Level 14.5(19.5) Long Blades
 - Level 3.2(8.2) Armour
 - Level 10.0(15.0) Shields
 * Level 11.9 Invocations


You had 11 spell levels left.
You didn't know any spells.
Your spell library contained the following spells:

 Spells                   Type           Power        Failure   Level
 Summon Small Mammal      Summ           #...         99%         1
 Call Imp                 Summ           #.......     100%        2
 Call Canine Familiar     Summ           #.......     100%        3
 Summon Guardian Golem    Hex/Summ       #.......     100%        3
 Summon Ice Beast         Ice/Summ       #.......     100%        4
 Summon Lightning Spire   Summ/Air       #.......     100%        4


Dungeon Overview and Level Annotations

Branches:
Dungeon (11/15)            Temple (1/1) D:7            Lair (0/6) D:9
  Sewer (visited)         Ossuary (visited)           IceCv (1/1)
    Orc: D:9-12

Altars:
Cheibriados
Elyvilon
Fedhas
Gozag
Hepliaklqana
Okawaru
Qazlal
Trog
Uskayaw
Zin
The Shining One

Shops:
D:8 *   D:9 *

Annotations:
D:10 3 runed translucent doors, ANON1729's ghost, journeyman GnNe


Innate Abilities, Weirdness & Mutations

You cannot be hasted, slowed, berserked, paralysed or teleported.
You can dig through walls and to a lower floor.
Your four strong arms can wield two-handed weapons with a shield.
You have a pair of large antennae on your head. (SInv)
You are partially covered in large bone plates. (SH +4)
Scrolls take you a little longer to read.
You are robust. (+10% HP)
Your spells are a little harder to cast, but a little more powerful.


Message History

The freezing wraith explodes!
The fiery explosion engulfs the white imp!!!
The white imp is burned terribly!
The white imp explodes!
The fiery explosion engulfs the centaur simulacrum!!!
The centaur simulacrum melts!
The centaur simulacrum explodes!
The fiery explosion engulfs the white imp!!!!
The white imp is burned terribly!
The white imp explodes!
The fiery explosion engulfs the centaur simulacrum!!!
The centaur simulacrum melts!
The centaur simulacrum explodes!
Okawaru accepts your kill.
You feel a bit more experienced.
The fiery explosion engulfs the white imp!!!
The white imp is burned terribly!
The white imp explodes!
The fiery explosion engulfs you!!
You die... {{ .{ {{ _{Z {{ .5Z {{ Z{{{

#### .Z.{{{#§§##
.Z5{{.#.§§##
{#..{5#§§#
##...#@5# ##.##..#
##### ###..##
##...## ##..######
#.....# #..## #(.#
##..#..####..###..#
##...##..#
##..#...##
##...####.##
##......# ##...##
#..## #......##


You could see a white imp (inner flame).

Vanquished Creatures
  3 two-headed ogres
  Pikel (D:8)
  Joseph (D:9)
  Maggie (D:9)
  2 rime drakes (D:11)
  9 freezing wraiths (IceCv)
  2 trolls
  A wolf spider simulacrum (IceCv)
  Prince Ribbit (D:5)
  Sigmund (D:2)
  15 yaks
  3 wyverns
  A vampire (D:9)
  Eustachio (D:5)
  3 wargs (D:9)
  Duvessa (D:5)
  Purgy (Sewer)
  4 orc warriors
  A black bear (D:9)
  4 sky beasts
  A necrophage (D:11)
  3 phantoms
  7 ice beasts
  6 centaurs
  3 ogres
  2 big kobolds
  3 elf zombies (Ossuary)
  Blork the orc (D:5)
  A gnoll sergeant (D:6)
  7 bullfrogs
  4 scorpions
  Dowan (D:5)
  4 wights (D:9)
  A howler monkey (D:5)
  A human zombie (Ossuary)
  A quasit (D:9)
  5 jellies
  5 hounds
  4 orc priests
  2 bullfrog skeletons
  6 orc wizards
  Jessica (D:3)
  2 iguanas
  5 worker ants
  2 polar bear simulacra (IceCv)
  A wolf simulacrum (IceCv)
  3 mummies
  Robin (D:3)
  A worker ant zombie (D:10)
  18 gnolls
  15 adders
  13 white imps
  An ufetubus (D:10)
  An adder zombie (D:10)
  2 adder skeletons
  3 worms (D:4)
  2 dart slugs (D:1)
  4 leopard geckos
  33 orcs
  8 bats
  6 giant cockroaches
  24 hobgoblins
  14 jackals
  4 quokkas
  2 ball pythons
  8 frilled lizards
  20 goblins
  A goblin zombie (Ossuary)
  10 hobgoblin zombies (Ossuary)
  2 jackal zombies (Ossuary)
  15 kobolds
  9 kobold zombies (Ossuary)
  A leopard gecko skeleton (D:5)
  8 orc zombies (Ossuary)
  8 rats
  3 rat zombies (Ossuary)
375 creatures vanquished.

Notes
Turn   | Place    | Note
-------+----------+-------------------------------------------
     0 | D:1      | Kinoniko the Formicid Fighter began the quest for the Orb.
     0 | D:1      | Reached XP level 1. HP: 18/18 MP: 1/1
   166 | D:1      | Reached XP level 2. HP: 24/24 MP: 2/2
   505 | D:1      | Reached XP level 3. HP: 29/29 MP: 3/3
   650 | D:1      | Reached skill level 3 in Long Blades
  1174 | D:2      | Reached XP level 4. HP: 34/35 MP: 4/4
  1411 | D:2      | Reached skill level 4 in Long Blades
  1723 | D:2      | Found a hazy altar of Hepliaklqana.
  1825 | D:2      | Noticed Sigmund
  1852 | D:2      | Killed Sigmund
  1852 | D:2      | Reached skill level 5 in Long Blades
  1852 | D:2      | Reached skill level 5 in Shields
  1852 | D:2      | Reached XP level 5. HP: 26/41 MP: 5/5
  1852 | D:2      | Reached XP level 6. HP: 30/47 MP: 6/6
  2101 | D:2      | You fall into a shaft and drop 2 floors!
  2203 | D:4      | Found a glowing drain.
  2221 | Sewer    | Entered a sewer
  2277 | Sewer    | Reached XP level 7. HP: 52/52 MP: 7/7
  2327 | Sewer    | Noticed Purgy
  2339 | Sewer    | Killed Purgy
  2339 | Sewer    | Reached skill level 6 in Long Blades
  2753 | D:4      | Reached skill level 7 in Long Blades
  2753 | D:4      | Reached XP level 8. HP: 58/58 MP: 8/8
  2909 | D:3      | Noticed Robin
  2934 | D:3      | Gained mutation: You are partially covered in large bone
                  | plates. (SH +4) [potion of mutation]
  2934 | D:3      | Gained mutation: Scrolls take you a little longer to read.
                  | [potion of mutation]
  2934 | D:3      | Gained mutation: Your spells are a little harder to cast,
                  | but a little more powerful. [potion of mutation]
  2934 | D:3      | Gained mutation: You are robust. (+10% HP) [potion of
                  | mutation]
  2946 | D:3      | Killed Robin
  3020 | D:3      | Noticed Jessica
  3042 | D:3      | Killed Jessica
  3868 | D:4      | Found a hide-covered altar of Uskayaw.
  4085 | D:5      | Entered Level 5 of the Dungeon
  4348 | D:5      | Reached skill level 8 in Long Blades
  4487 | D:5      | Noticed Prince Ribbit
  4789 | D:5      | Noticed Blork the orc
  4800 | D:5      | Killed Blork the orc
  5042 | D:5      | Killed Prince Ribbit
  5042 | D:5      | Reached XP level 9. HP: 43/70 MP: 9/9
  5302 | D:5      | Noticed Eustachio
  5327 | D:5      | Killed Eustachio
  5327 | D:5      | Reached skill level 9 in Long Blades
  5457 | D:5      | Noticed Duvessa
  5457 | D:5      | Noticed Dowan
  5470 | D:5      | Killed Dowan
  5482 | D:5      | Killed Duvessa
  5900 | D:6      | Found a stormy altar of Qazlal.
  5961 | D:6      | Reached skill level 10 in Long Blades
  6508 | D:6      | Found a glowing silver altar of Zin.
  6508 | D:6      | Noticed an angel
  7035 | D:7      | Found a staircase to the Ecumenical Temple.
  7041 | Temple   | Entered the Ecumenical Temple
  7066 | Temple   | Became a worshipper of Warmaster Okawaru
  7104 | D:7      | Reached XP level 10. HP: 58/77 MP: 10/10
  7132 | D:7      | Found a sand-covered staircase.
  7138 | Ossuary  | Entered an ossuary
  7354 | Ossuary  | Reached skill level 11 in Long Blades
  7434 | Ossuary  | Reached skill level 10 in Shields
  7640 | D:7      | Found a white marble altar of Elyvilon.
  7951 | D:7      | Found a blossoming altar of Fedhas.
  8203 | D:8      | Reached skill level 1 in Invocations
  8447 | D:8      | Found an opulent altar of Gozag.
  8448 | D:8      | Found a bloodstained altar of Trog.
  8571 | D:8      | Noticed a two-headed ogre
  8583 | D:8      | Killed a two-headed ogre
  8583 | D:8      | Reached * piety under Okawaru
  8830 | D:8      | Reached ** piety under Okawaru
  8883 | D:8      | Found an iron altar of Okawaru.
  8891 | D:8      | Noticed Pikel
  8902 | D:8      | Killed Pikel
  8902 | D:8      | Reached skill level 12 in Long Blades
  8902 | D:8      | Reached skill level 5 in Invocations
  9149 | D:8      | Found Texups's Assorted Antiques.
  9260 | D:9      | Reached XP level 11. HP: 77/82 MP: 15/15
  9284 | D:9      | Reached *** piety under Okawaru
  9473 | D:9      | Found a staircase to the Lair.
  9498 | D:9      | Noticed Joseph
  9527 | D:9      | Killed Joseph
  9534 | D:9      | Reached skill level 13 in Long Blades
  9553 | D:9      | Reached **** piety under Okawaru
  9773 | D:9      | Found Rimusyst's General Store.
 10074 | D:9      | Found a snail-covered altar of Cheibriados.
 10076 | D:9      | Noticed Maggie
 10098 | D:9      | Killed Maggie
 10800 | D:10     | Entered Level 10 of the Dungeon
 11048 | D:10     | Found a runed translucent gate.
 11048 | D:10     | Found a runed translucent gate.
 11049 | D:10     | Noticed a skeletal warrior
 11049 | D:10     | Noticed ANON1729's ghost (journeyman GnNe)
 11050 | D:10     | Found a runed translucent gate.
 11050 | D:10     | Found an opulent altar of Gozag.
 11052 | D:10     | Noticed a boulder beetle
 11052 | D:10     | Noticed a queen ant
 11059 | D:10     | Noticed an alligator
 11059 | D:10     | a queen ant changed into an alligator
 11646 | D:10     | Noticed a two-headed ogre
 11670 | D:10     | Killed a two-headed ogre
 11670 | D:10     | Reached ***** piety under Okawaru
 11670 | D:10     | Reached skill level 10 in Invocations
 11670 | D:10     | Reached XP level 12. HP: 88/89 MP: 19/19
 11846 | D:10     | Noticed a death drake
 11846 | D:10     | a snapping turtle changed into a death drake
 11866 | D:11     | Noticed a two-headed ogre
 11882 | D:11     | Killed a two-headed ogre
 11905 | D:11     | Received a gift from Okawaru
 12064 | D:11     | Found a frozen archway.
 12075 | D:11     | Reached skill level 14 in Long Blades
 12089 | IceCv    | Entered an ice cave
 12717 | IceCv    | Received a gift from Okawaru
 13256 | IceCv    | Found an ancient bone altar of Kikubaaqudgha.
 13309 | IceCv    | Killed from afar by a white imp

Illustrated notes

Levels and vault maps discovered:
D:1:      scummos_arrival_hexagon, layout_loops_cross
D:2:      cheibrodos_greedy_goblins, layout_loops_cross,
          lemuel_coloured_pillars_altar, uniq_sigmund
D:3:      layout_basic, uniq_robin, uniq_jessica
D:4:      layout_loops_ring, overflow_temple_1_default,
          cheibrodos_sewer_entry_bend
D:5:      layout_loops_corners, uniq_prince_ribbit1, uniq_duvessa,
          uniq_eustachio, uniq_blork_the_orc
D:6:      kennysheep_spiral_hall, layout_loops_corners, zin_angel,
          overflow_temple_1_default, kennysheep_cross_room, grunt_ministairs_6
D:7:      layout_loops_ring, elyvilon_altar_5, fedhas_altar_fruit_tree,
          minmay_temple_entry_mini_moons, enter_ossuary_1,
          kennysheep_generic_room_10
D:8:      layout_basic, gammafunk_temple_overflow_pools, serial_shops,
          nicolae_shop_behind_doors, okawaru_gym_becter, uniq_pikel
D:9:      layout_basic, slow_altar_1, erik_lair_orcish_takeover, serial_shops,
          shop, minmay_holes, uniq_joseph, uniq_maggie
D:10:     layout_roguey, ebering_ghost_gozag
D:11:     layout_long_grid, portal_ice_cave_rime
Temple:   nicolae_temple_figure_eight
IceCv:    ice_cave_small_necro

Skill      XL: |  1  2  3  4  5  6  7  8  9 10 11 12 |
---------------+-------------------------------------+-----
Shields        | 4 5 6 8 9 10 | 10.0
Long Blades    | 3 5 7 8 10 12 13 14 | 14.5
Invocations    | 6 10 11 | 11.9
Fighting       | |  3.2
Armour         | |  3.2

Action                   |  1- 3 |  4- 6 |  7- 9 | 10-12 || total
-------------------------+-------+-------+-------+-------++-------
Melee: Long sword        |   108 |   139 |   508 |     4 ||   759
       Scimitar          |       |       |       |   871 ||   871
Invok: Heroism           |       |       |       |     7 ||     7
  Use: Potion            |     1 |     3 |     9 |    13 ||    26
       Scroll            |       |     8 |     9 |    11 ||    28
Armor: Scale mail        |    53 |    17 |       |       ||    70
       Chain mail        |       |    10 |    86 |    10 ||   106
       Plate armour      |       |       |    14 |   140 ||   154
       Skin              |       |       |       |    46 ||    46
Dodge: Dodged            |    39 |    36 |    64 |   168 ||   307
Block: Kite shield       |    68 |    85 |   459 |   795 ||  1407
       Reflection        |       |       |    34 |    24 ||    58
       Rpst.: Long sword |    12 |    14 |    20 |       ||    46
       Scimitar          |       |       |       |    39 ||    39

Table legend: (Time is in decaauts)
 A = Elapsed time spent in this place.
 B = Non-inter-level travel time spent in this place.
 C = Inter-level travel time spent in this place.
 D = Time resting spent in this place.
 E = Time spent auto-exploring this place.
 F = Levels seen in this place.
 G = Mean time per level.
                   A        B        C        D        E       F      G
               +--------+--------+--------+--------+--------+-----+--------+
         Total |  13162 |  12697 |    465 |   2571 |   7416 |  15 |  877.5 |
       Dungeon |  11422 |  10976 |    446 |   1677 |   7041 |  11 | 1038.4 |
        Temple |     40 |     21 |     19 |      0 |      0 |   1 |   40.0 |
         Sewer |    230 |    230 |      0 |     54 |     86 |   1 |  230.0 |
       Ossuary |    302 |    302 |      0 |     49 |     85 |   1 |  302.0 |
      Ice Cave |   1167 |   1167 |      0 |    791 |    204 |   1 | 1167.0 |
               +--------+--------+--------+--------+--------+-----+--------+

Top non-repeatable levels by time:
     D:9: 1538 daAuts
     D:6: 1478 daAuts
     D:5: 1453 daAuts
     D:2: 1230 daAuts
   IceCv: 1167 daAuts
    D:10: 1026 daAuts
     D:1: 1001 daAuts
     D:8: 987 daAuts
     D:4: 859 daAuts
     D:3: 854 daAuts
     D:7: 785 daAuts
 Ossuary: 302 daAuts
   Sewer: 230 daAuts
    D:11: 206 daAuts
  Temple: 40 daAuts
